 Dungeon Crawl Stone Soup version 0.20-a0-1124-g2e29d97 (webtiles) character file.

30 Esekla the Charmwright (level 3, 0/28 HPs)
             Began as a Barachi Skald on May 16, 2017.
             Slain by an adder (2 damage)
             ... on level 3 of the Dungeon on May 17, 2017.
             The game lasted 00:18:48 (946 turns).

Esekla the Charmwright (Barachi Skald)               Turns: 946, Time: 00:18:49

Health: 0/28       AC:  3    Str: 12    XL:     3   Next: 18%
Magic:  3/6        EV: 12    Int: 13    God:
Gold:   114        SH:  0    Dex: 12    Spells: 1/6 levels left

rFire    . . .     SeeInvis .   a - +0 short sword
rCold    . . .     Gourm    .   (no shield)
rNeg     . . .     Faith    .   b - +0 leather armour
rPois    .         Spirit   .   (no helmet)
rElec    .         Reflect  .   (no cloak)
rCorr    .         Harm     .   (no gloves)
MR       .....                  (no boots)
Stlth    +.........             g - amulet of rage
Regen    0.1/turn               (no ring)
MPRegen  0.1/turn               (no ring)

@: shrouded, infused, can't hop, slow
A: +LOS, swims, slowness 1, strong legs 1
a: Hop, Evoke Berserk Rage


You were on level 3 of the Dungeon.
You were not hungry.

You visited 1 branch of the dungeon, and saw 4 of its levels.

You collected 114 gold pieces.

Inventory:

Hand Weapons
 a - a +0 short sword (weapon)
Missiles
 e - 78 stones (quivered)
Armour
 b - a +0 leather armour (worn)
Jewellery
 g - an amulet of rage (around neck)
Wands
 o - a wand of flame (17/48)
Scrolls
 i - 2 scrolls of amnesia {unknown}
 j - 3 scrolls of identify {unknown}
 l - 4 scrolls of remove curse {unknown}
 m - a scroll of immolation {unknown}
Potions
 h - a potion of curing {unknown}
 k - 2 potions of degeneration {unknown}
 n - a potion of flight {unknown}
Books
 c - a book of Battle

   Spells                             Type                      Level
   a - Infusion                       Charms                       1
   b - Shroud of Golubria             Charms/Translocation         2
   c - Song of Slaying                Charms                       2
   d - Spectral Weapon                Hexes/Charms                 3
   e - Regeneration                   Charms/Necromancy            3
Comestibles
 d - a bread ration
 f - 4 fruits


   Skills:
 + Level 2.9 Fighting
 + Level 2.9 Short Blades
 + Level 1.7 Armour
 - Level 2.1 Dodging
 + Level 2.3 Spellcasting
 - Level 3.4 Charms
 * Level 0.2 Translocations


You had one spell level left.
You knew the following spells:

 Your Spells              Type           Power        Failure   Level  Hunger
a - Infusion              Chrm           ##..         8%          1    #......
b - Shroud of Golubria    Chrm/Tloc      #.........   22%         2    ###....
c - Song of Slaying       Chrm           ##......     12%         2    ###....


Dungeon Overview and Level Annotations

Branches:
Dungeon (4/15)
 Temple: D:4-7

Altars:

Annotations:
D:4 Maxmaps's ghost, amateur DsHu


Innate Abilities, Weirdness & Mutations

Shadows flee at your approach. (+LOS)
You can swim through water.
You cover ground slowly.
You can hop short distances.


Message History

The adder closely misses you.
There is a stone staircase leading up here.
Maxmaps's ghost hits you!
* * * LOW HITPOINT WARNING * * *
The adder misses you. The quokka closely misses you.
You climb upwards.
There is a stone staircase leading down here.
Casting: Shroud of Golubria
Confirm with . or Enter, or press ? or * to list all spells.
Space distorts slightly along a thin shroud covering your body.
The adder barely misses you. The quokka closely misses you.
Casting: Shroud of Golubria
Confirm with . or Enter, or press ? or * to list all spells.
You begin infusing your attacks with magical energy.
The adder closely misses you. The quokka barely misses you.
The adder misses you.
You closely miss the adder. The quokka misses you. The adder barely misses you.
The quokka barely misses you.
You closely miss the adder. The adder bites you.
You die...

######.###
#@r.......
#S####.#.#
#.# ..#
###


You could see an adder and a quokka.

Vanquished Creatures
  A leopard gecko (D:1)
  A ball python (D:1)
  A bat (D:1)
  2 giant cockroaches (D:1)
  4 goblins (D:1)
  5 hobgoblins (D:1)
  2 jackals (D:2)
  2 kobolds (D:1)
  4 frilled lizards (D:1)
  3 rats (D:1)
25 creatures vanquished.

Notes
Turn   | Place    | Note
-------+----------+-------------------------------------------
     0 | D:1      | Esekla the Barachi Skald began the quest for the Orb.
     0 | D:1      | Reached XP level 1. HP: 17/17 MP: 3/3
   130 | D:1      | Reached XP level 2. HP: 20/23 MP: 0/5
   136 | D:1      | Learned a level 2 spell: Shroud of Golubria
   139 | D:1      | Learned a level 2 spell: Song of Slaying
   807 | D:1      | Reached XP level 3. HP: 28/28 MP: 3/6
   855 | D:2      | You fall through a shaft for 2 floors!
   904 | D:4      | Noticed Maxmaps's ghost (amateur DsHu)
   946 | D:3      | Slain by an adder

Vault maps used:
D:1:      lightli_arrival_quake, minmay_vboxes
D:2:      kennysheep_cross_bottleneck, grunt_ministairs_8
D:3:      st_stairs_6, roderic_roman_lattice, grunt_dithmenos_smoke_and_mirrors
D:4:      first_bread, nicolae_qazlal_general_emergency

Action                   || total
-------------------------++-------
Melee: Short sword       ||    90
Throw: Stone             ||    18
 Cast: Infusion          ||     3
       Shroud of Golubri ||     3
       Song of Slaying   ||     1
 Abil: Hop               ||     3
  Eat: Fruit             ||     4
Armor: Leather armour    ||    22
Dodge: Dodged            ||    63
